TOP OF THE 1ST |
Los Angeles Dodgers batting - Pitching for Montreal Expos : LHP Frank Riccelli
|
Pitching: LHP Frank Riccelli
|
|
Batting: RHB Billy Sample
|
0-0: Called Strike 0-1: Swinging Strike 0-2: Foul Ball, location: 2F 0-2: Strikes out swinging
|
Batting: RHB Carney Lansford
|
0-0: Called Strike 0-1: Ball 1-1: Ball 2-1: Foul Ball, location: 2F 2-2: Fly out, F9 (Flyball, 89M, EV 90.0 MPH)
|
Batting: RHB Dick Davis
|
0-0: Ball 1-0: Ball 2-0: Ball 3-0: Called Strike 3-1: Called Strike 3-2: DOUBLE (Line Drive, 78M, EV 96.3 MPH)
|
Batting: RHB Jerry Keller
|
0-0: Called Strike 0-1: Swinging Strike 0-2: SINGLE (Line Drive, 3D, EV 96.9 MPH) Dick Davis to third Runner from 3rd tries for Home, SAFE, throw by RF to home
|
Batting: RHB Gary Gaetti
|
0-0: Ball 1-0: Called Strike Pickoff Throw to First - Out! 1-3
|
Top of the 1st over - 1 run, 2 hits, 0 errors, 0 left on base; Los Angeles 1 - Montreal 0 |
BOTTOM OF THE 1ST |
Montreal Expos batting - Pitching for Los Angeles Dodgers : RHP Nick Williams
|
Pitching: RHP Nick Williams
|
|
Batting: LHB Duane Walker
|
0-0: Fly out, F8 (Flyball, 78S, EV 91.3 MPH)
|
Batting: SHB Garry Templeton
|
0-0: Bunt missed! 0-1: Ground out 6-3 (Groundball, 6, EV 80.6 MPH)
|
Batting: LHB Kirk Gibson
|
0-0: Swinging Strike 0-1: Fly out, F8 (Flyball, 8LD, EV 108.1 MPH)
|
Bottom of the 1st over - 0 runs, 0 hits, 0 errors, 0 left on base; Los Angeles 1 - Montreal 0 |
TOP OF THE 2ND |
Los Angeles Dodgers batting - Pitching for Montreal Expos : LHP Frank Riccelli
|
Batting: RHB Gary Gaetti
|
0-0: Fly out, F8 (Flyball, 89D, EV 90.6 MPH)
|
Batting: RHB Toby Harrah
|
0-0: Ball 1-0: Called Strike 1-1: Ball 2-1: Swinging Strike 2-2: SINGLE (Groundball, 5S, EV 68.8 MPH) (infield hit)
|
Batting: SHB Chris W Smith
|
0-0: Ball 1-0: Ball 2-0: Fly out, F9 (Flyball, 9, EV 93.1 MPH)
|
Batting: RHB Roberto Reyes
|
0-0: Ball 1-0: Foul Ball, location: 2F 1-1: Foul Ball, location: 2F 1-2: Ball 2-2: Ground out 4-3 (Groundball, 4S, EV 70.6 MPH)
|
Top of the 2nd over - 0 runs, 1 hit, 0 errors, 1 left on base; Los Angeles 1 - Montreal 0 |
BOTTOM OF THE 2ND |
Montreal Expos batting - Pitching for Los Angeles Dodgers : RHP Nick Williams
|
Batting: RHB Dale Murphy
|
0-0: Called Strike 0-1: Foul Ball, location: 2F 0-2: Foul Ball, location: 2F 0-2: Ball 1-2: Foul Ball, location: 2F 1-2: Ball 2-2: Fly out, F7 (Line Drive, 7S, EV 106.9 MPH)
|
Batting: RHB Dave Winfield
|
0-0: Foul Ball, location: 2F 0-1: Foul Ball, location: 2F 0-2: Ball 1-2: SINGLE (Groundball, 34, EV 108.8 MPH) (infield hit)
|
Batting: LHB Timnothy Meyer
|
0-0: Fly out, F7 (Flyball, 7LD, EV 92.5 MPH)
|
Batting: LHB Ernesto Quevedo
|
0-0: Ball 1-0: Ball 2-0: SINGLE (Groundball, 56D, EV 98.8 MPH) Dave Winfield to second
|
Batting: SHB Biff Pocoroba
|
0-0: Ball Passed Ball! Dave Winfield to third Ernesto Quevedo to second 1-0: Ground out U3 (Groundball, 3L, EV 79.4 MPH)
|
Bottom of the 2nd over - 0 runs, 2 hits, 0 errors, 2 left on base; Los Angeles 1 - Montreal 0 |
TOP OF THE 3RD |
Los Angeles Dodgers batting - Pitching for Montreal Expos : LHP Frank Riccelli
|
Batting: RHB Nick Williams
|
0-0: Ground out U3 (Groundball, 34, EV 108.1 MPH)
|
Batting: RHB Billy Sample
|
0-0: Called Strike 0-1: Ball 1-1: Ball 2-1: SINGLE (Line Drive, 6MD, EV 105.0 MPH)
|
Batting: RHB Carney Lansford
|
0-0: Ball Billy Sample steals 2nd base 1-0: Foul Ball, location: 2F 1-1: Ball 2-1: Swinging Strike 2-2: Ball 3-2: Foul Ball, location: 2F 3-2: Foul Ball, location: 2F 3-2: SINGLE (Groundball, 6MD, EV 101.3 MPH) Billy Sample to third Runner from 3rd tries for Home, SAFE, throw by CF to home Carney Lansford to second
|
Batting: RHB Dick Davis
|
0-0: Ball 1-0: Ball 2-0: Called Strike 2-1: Called Strike 2-2: Foul Ball, location: 2F 2-2: Foul Ball, location: 2F 2-2: Fly out, F7 (Flyball, 78XD, EV 91.3 MPH) Runner from 2nd tags up, SAFE at 3rd, no throw by LF
|
Batting: RHB Jerry Keller
|
0-0: Ball 1-0: Foul Ball, location: 2F 1-1: Ball 2-1: Foul Ball, location: 2F 2-2: Fly out, F6 (Popup, 6S, EV 68.1 MPH)
|
Top of the 3rd over - 1 run, 2 hits, 0 errors, 1 left on base; Los Angeles 2 - Montreal 0 |
BOTTOM OF THE 3RD |
Montreal Expos batting - Pitching for Los Angeles Dodgers : RHP Nick Williams
|
Batting: LHB Frank Riccelli
|
0-0: Swinging Strike 0-1: Fly out, F4 (Flyball, 34D, EV 88.1 MPH)
|
Batting: LHB Duane Walker
|
0-0: Foul Ball, location: 2F 0-1: Called Strike 0-2: Ball 1-2: SOLO HOME RUN (Line Drive, 9D, EV 94.4 MPH), Distance : 378 ft
|
Batting: SHB Garry Templeton
|
0-0: Called Strike 0-1: Ball 1-1: Foul Ball, location: 2F 1-2: Ball 2-2: Strikes out swinging
|
Batting: LHB Kirk Gibson
|
0-0: Ball 1-0: Called Strike 1-1: Ball 2-1: Foul Ball, location: 2F 2-2: Foul Ball, location: 2F 2-2: Fly out, F8 (Flyball, 8LD, EV 105.6 MPH)
|
Bottom of the 3rd over - 1 run, 1 hit, 0 errors, 0 left on base; Los Angeles 2 - Montreal 1 |
TOP OF THE 4TH |
Los Angeles Dodgers batting - Pitching for Montreal Expos : LHP Frank Riccelli
|
Batting: RHB Gary Gaetti
|
0-0: Called Strike 0-1: Ball 1-1: Foul Ball, location: 2F 1-2: Ball 2-2: Ground out 4-3 (Groundball, 4S, EV 71.9 MPH)
|
Batting: RHB Toby Harrah
|
0-0: Called Strike 0-1: Ball 1-1: Ground out 5-3 (Groundball, 56S, EV 70.0 MPH)
|
Batting: SHB Chris W Smith
|
0-0: Ball 1-0: Fly out, F8 (Flyball, 8LXD, EV 86.9 MPH)
|
Top of the 4th over - 0 runs, 0 hits, 0 errors, 0 left on base; Los Angeles 2 - Montreal 1 |
BOTTOM OF THE 4TH |
Montreal Expos batting - Pitching for Los Angeles Dodgers : RHP Nick Williams
|
Batting: RHB Dale Murphy
|
0-0: Hit by Pitch
|
Batting: RHB Dave Winfield
|
0-0: Called Strike 0-1: Ball 1-1: Ball 2-1: Fielders Choice at 2nd, 6-4 (Groundball, 6, EV 81.9 MPH)
|
Batting: LHB Timnothy Meyer
|
0-0: Ball 1-0: Called Strike 1-1: Ball 2-1: SINGLE (Groundball, 4D, EV 102.5 MPH) Dave Winfield to second Runner from 2nd tries for 3rd, SAFE, throw by RF made to third
|
Batting: LHB Ernesto Quevedo
|
0-0: Ball 1-0: SINGLE (Groundball, 6MD, EV 103.1 MPH) Dave Winfield scores Timnothy Meyer to second Runner from 2nd tries for 3rd, SAFE, no throw by CF
|
Batting: SHB Biff Pocoroba
|
0-0: Called Strike 0-1: Grounds into double play, 6-4-3 (Groundball, 6M, EV 88.1 MPH)
|
Bottom of the 4th over - 1 run, 2 hits, 0 errors, 1 left on base; Los Angeles 2 - Montreal 2 |
TOP OF THE 5TH |
Los Angeles Dodgers batting - Pitching for Montreal Expos : LHP Frank Riccelli
|
Batting: RHB Roberto Reyes
|
0-0: Called Strike 0-1: Foul Ball, location: 2F 0-2: Foul Ball, location: 2F 0-2: Ball 1-2: Fly out, F6 (Line Drive, 6, EV 65.0 MPH)
|
Batting: RHB Nick Williams
|
0-0: Called Strike 0-1: Ball 1-1: Foul Ball, location: 2F 1-2: Ground out 6-3 (Groundball, 6, EV 97.5 MPH)
|
Batting: RHB Billy Sample
|
0-0: Ball 1-0: Called Strike 1-1: Ball 2-1: Swinging Strike 2-2: Foul Ball, location: 2F 2-2: Ground out 6-3 (Groundball, 56, EV 105.0 MPH)
|
Top of the 5th over - 0 runs, 0 hits, 0 errors, 0 left on base; Los Angeles 2 - Montreal 2 |
BOTTOM OF THE 5TH |
Montreal Expos batting - Pitching for Los Angeles Dodgers : RHP Nick Williams
|
Batting: LHB Frank Riccelli
|
0-0: Called Strike 0-1: Ball 1-1: Ball 2-1: Ball 3-1: Foul Ball, location: 2F 3-2: Fly out, F9 (Line Drive, 9, EV 90.6 MPH)
|
Batting: LHB Duane Walker
|
0-0: Swinging Strike 0-1: Foul Ball, location: 2F 0-2: Ball 1-2: Strikes out swinging
|
Batting: SHB Garry Templeton
|
0-0: Ball 1-0: Ground out U3 (Groundball, 3, EV 86.9 MPH)
|
Bottom of the 5th over - 0 runs, 0 hits, 0 errors, 0 left on base; Los Angeles 2 - Montreal 2 |
TOP OF THE 6TH |
Los Angeles Dodgers batting - Pitching for Montreal Expos : LHP Frank Riccelli
|
Batting: RHB Carney Lansford
|
0-0: Ball 1-0: Swinging Strike 1-1: Foul Ball, location: 2F 1-2: Strikes out swinging
|
Batting: RHB Dick Davis
|
0-0: Fly out, F8 (Flyball, 89M, EV 90.6 MPH)
|
Batting: RHB Jerry Keller
|
0-0: Ball 1-0: Ball 2-0: Ball 3-0: Base on Balls
|
Batting: RHB Gary Gaetti
|
0-0: Ball 1-0: Ball 2-0: Called Strike 2-1: Called Strike 2-2: Ball 3-2: Fly out, F5 (Popup, 56S, EV 75.0 MPH)
|
Top of the 6th over - 0 runs, 0 hits, 0 errors, 1 left on base; Los Angeles 2 - Montreal 2 |
BOTTOM OF THE 6TH |
Montreal Expos batting - Pitching for Los Angeles Dodgers : RHP Nick Williams
|
Batting: LHB Kirk Gibson
|
0-0: Ball 1-0: Foul Ball, location: 2F 1-1: Foul Ball, location: 2F 1-2: Ball 2-2: Strikes out looking
|
Batting: RHB Dale Murphy
|
0-0: Swinging Strike 0-1: Ball 1-1: DOUBLE (Flyball, 8LXD, EV 97.5 MPH)
|
Batting: RHB Dave Winfield
|
0-0: Called Strike 0-1: Fly out, F3 (Popup, 3S, EV 78.8 MPH)
|
Batting: LHB Timnothy Meyer
|
0-0: Called Strike 0-1: Ball 1-1: SINGLE (Groundball, 6MD, EV 95.0 MPH) Dale Murphy to third Runner from 3rd tries for Home, SAFE, throw by CF to home
|
Batting: LHB Ernesto Quevedo
|
0-0: Ball 1-0: Ball 2-0: Ball 3-0: Base on Balls Timnothy Meyer to second
|
Batting: SHB Biff Pocoroba
|
0-0: Foul Ball, location: 2F 0-1: Swinging Strike 0-2: Fly out, F6 (Flyball, 56D, EV 87.5 MPH)
|
Bottom of the 6th over - 1 run, 2 hits, 0 errors, 2 left on base; Los Angeles 2 - Montreal 3 |
TOP OF THE 7TH |
Los Angeles Dodgers batting - Pitching for Montreal Expos : LHP Frank Riccelli
|
Batting: RHB Toby Harrah
|
0-0: Ball 1-0: Swinging Strike 1-1: Foul Ball, location: 2F 1-2: Ball 2-2: Fly out, F9 (Flyball, 89D, EV 108.8 MPH)
|
Batting: SHB Chris W Smith
|
0-0: Ball 1-0: Ground out U3 (Groundball, 3S, EV 89.4 MPH)
|
Batting: RHB Roberto Reyes
|
0-0: Called Strike 0-1: Foul Ball, location: 2F 0-2: Ball 1-2: Ground out 6-3 (Groundball, 56S, EV 93.8 MPH)
|
Top of the 7th over - 0 runs, 0 hits, 0 errors, 0 left on base; Los Angeles 2 - Montreal 3 |
BOTTOM OF THE 7TH |
Montreal Expos batting - Pitching for Los Angeles Dodgers : RHP Nick Williams
|
Batting: LHB Frank Riccelli
|
0-0: Ball 1-0: Ball 2-0: Called Strike 2-1: Foul Ball, location: 2F 2-2: Ball 3-2: Base on Balls
|
Batting: LHB Duane Walker
|
0-0: Fielders Choice at 2nd, 1-6 (Groundball, P, EV 60.0 MPH)
|
Batting: SHB Garry Templeton
|
0-0: Ball 1-0: Ball 2-0: Called Strike 2-1: Foul Ball, location: 2F 2-2: Ball 3-2: Strikes out swinging Duane Walker steals 2nd base Batter strikes out.
|
Batting: LHB Kirk Gibson
|
0-0: Reached on error, E4 (Groundball, 4M, EV 76.3 MPH) Duane Walker to third
|
Batting: RHB Dale Murphy
|
0-0: Ball 1-0: Ball 2-0: Fly out, F3 (Popup, 3S, EV 71.9 MPH)
|
Bottom of the 7th over - 0 runs, 0 hits, 1 error, 2 left on base; Los Angeles 2 - Montreal 3 |
TOP OF THE 8TH |
Los Angeles Dodgers batting - Pitching for Montreal Expos : LHP Frank Riccelli
|
Batting: RHB Nick Williams
|
0-0: Called Strike 0-1: Ground out 5-3 (Groundball, 56, EV 101.3 MPH)
|
Batting: RHB Billy Sample
|
0-0: Swinging Strike 0-1: Ball 1-1: Foul Ball, location: 2F 1-2: Ball 2-2: Foul Ball, location: 2F 2-2: Ground out 6-3 (Groundball, 6, EV 106.3 MPH)
|
Batting: RHB Carney Lansford
|
0-0: Called Strike 0-1: Ball 1-1: Ground out 5-3 (Groundball, 5, EV 86.9 MPH)
|
Top of the 8th over - 0 runs, 0 hits, 0 errors, 0 left on base; Los Angeles 2 - Montreal 3 |
BOTTOM OF THE 8TH |
Montreal Expos batting - Pitching for Los Angeles Dodgers : RHP Nick Williams
|
Batting: RHB Dave Winfield
|
0-0: Ball 1-0: Ball 2-0: Ground out 5-3 (Groundball, 5L, EV 88.8 MPH)
|
Batting: LHB Timnothy Meyer
|
0-0: Called Strike 0-1: Ball 1-1: Ball 2-1: Ball 3-1: Ground out U3 (Groundball, 34, EV 85.0 MPH)
|
Batting: LHB Ernesto Quevedo
|
0-0: Called Strike 0-1: SOLO HOME RUN (Flyball, 89XD, EV 100.6 MPH), Distance : 410 ft
|
Batting: SHB Biff Pocoroba
|
0-0: Foul Ball, location: 2F 0-1: Ground out 1-3 (Groundball, 15S, EV 74.4 MPH)
|
Bottom of the 8th over - 1 run, 1 hit, 0 errors, 0 left on base; Los Angeles 2 - Montreal 4 |
|